 Dungeon Crawl Stone Soup version 0.29-a0-338-g1ff7896281 (webtiles) character file.

Game seed: 12921574349488097467

3033 Gargoyl the Chopper (level 9, -5/56 HPs)
             Began as a Gargoyle Abyssal Knight on Apr 19, 2022.
             Was an Elder of Lugonu.
             Slain by a wyvern (7 damage)
             ... on level 6 of the Dungeon.
             The game lasted 00:07:58 (7786 turns).

Gargoyl the Chopper (Gargoyle Abyssal Knight)       Turns: 7786, Time: 00:07:59

Health: -5/56      AC: 22    Str: 17    XL:     9   Next: 86%
Magic:  23/23      EV: 11    Int: 11    God:    Lugonu [****..]
Gold:   298        SH: 15    Dex: 20    Spells: 8/8 levels left

rFire   . . .      SeeInvis .   a - +2 hand axe
rCold   . . .      Faith    .   k - +0 kite shield
rNeg    + . .      Spirit   .   f - +4 ring mail of a wizard's laboratory {Will+}
rPois   ∞          Reflect  +   (no helmet)
rElec   +          Harm     .   b - +2 cloak
rCorr   .          Rampage  .   t - +1 Delatra's gloves {ID++}
Will    +....                   (no boots)
Stlth   +.........              g - amulet of reflection
HPRegen 0.18/turn               d - +6 ring of dexterity
MPRegen 0.18/turn               h - ring of magical power

@: no status effects
A: sickness immunity, AC +6, negative energy resistance 1, electricity
resistance, torment resistance 1, petrification resistance
a: Renounce Religion, Depart the Abyss, Bend Space, Banish, Corrupt


You were on level 6 of the Dungeon.
You worshipped Lugonu.
Lugonu was greatly pleased with you.
You visited 1 branch of the dungeon, and saw 7 of its levels.
You visited the Abyss 1 time.

You collected 298 gold pieces.

Inventory:

Hand Weapons
 a - a +2 hand axe (weapon)
Missiles
 o - 15 poisoned darts
 r - a curare-tipped dart (quivered)
 x - 2 throwing nets
Armour
 b - a +2 cloak (worn)
 f - the +4 ring mail of a wizard's laboratory (worn) {Will+}
   (You found it on level 2 of the Dungeon)

   Will:      It increases your willpower.
 k - a +0 kite shield (worn)
 t - the +1 Delatra's gloves (worn) {ID++}
   (You found it on level 5 of the Dungeon)

   It heals its wearer when they drink unknown potions.
   It restores its wearer's MP when they read unknown scrolls.
Jewellery
 d - a +6 ring of dexterity (left hand)
 g - an amulet of reflection (around neck)
 h - a ring of magical power (right hand)
 l - an amulet of faith
 m - a ring of resist corrosion
Scrolls
 j - 3 scrolls of enchant armour
 n - 2 scrolls of blinking
 p - a scroll of fear
 q - a scroll of silence
 u - a scroll of amnesia
 w - a scroll of identify
Potions
 c - a potion of magic
 e - 2 potions of flight
 i - a potion of brilliance
 v - a potion of lignification


   Skills:
 + Level 6.3 Fighting
 + Level 7.0 Axes
 + Level 1.7 Throwing
 + Level 5.5 Armour
 + Level 3.8 Dodging
 + Level 1.3 Stealth
 + Level 3.6 Shields
 * Level 6.6 Invocations


You had 8 spell levels left.
You didn't know any spells.
Your spell library was empty.

Dungeon Overview and Level Annotations

Branches:
Dungeon (7/15)             Temple (0/1) D:6

Altars:
Okawaru
Qazlal
Ru


Innate Abilities, Weirdness & Mutations

You are immune to sickness and miasma.
Your stone body is resilient. (AC +6)
You are immune to poison.
You resist negative energy. (rN+)
You are resistant to electric shocks. (rElec)
You are resistant to unholy torment.
You are immune to petrification.


Message History

The ice beast hits you but does no damage.
You hit the wyvern.
The wyvern is heavily wounded.
You hit the orc but do no damage. You closely miss the ice beast.
You block the wyvern's attack. The orc closely misses you.
You block the ice beast's attack.
Unknown command.
The wyvern attacks as you move away!
The wyvern bites you but does no damage.
The wyvern misses you. You block the ice beast's attack.
The orc priest mumbles some strange prayers to Beogh against you.
Beogh smites you! The wyvern attacks as you move away!
You block the wyvern's attack. The wyvern completely misses you.
The ice beast closely misses you. The wyvern attacks as you move away!
You block the wyvern's attack. You block the ice beast's attack.
The orc hits you but does no damage. The ice beast attacks as you move away!
You block the ice beast's attack. You block the wyvern's attack.
The wyvern attacks as you move away! You block the wyvern's attack.
The orc priest invokes the aid of Beogh against you.
Beogh smites you!
* * * LOW HITPOINT WARNING * * *
The wyvern bites you but does no damage.
The wyvern attacks as you move away! You block the wyvern's attack.
You block the wyvern's attack.
There is a stone staircase leading up here.
You block the wyvern's attack.
The orc priest begins to cast a cantrip, but forgets the words!
You climb upwards.
There is a stone staircase leading down here.
Okay, then.
You barely miss the wyvern.
The wyvern is heavily wounded.
You block the wyvern's attack. The wyvern bites you!
* * * LOW HITPOINT WARNING * * *
You hit the wyvern but do no damage.
The wyvern is heavily wounded.
The wyvern completely misses you. The wyvern bites you!
You die...

...........##....###
............#......###
.........#......#....#
....#....#.........[.#
...##......#.#.......##
...........#.#.##..##.###
..###..#.###....#.#.....### .##
##.#.##.......#...>...# .##
#..#..##....@........##
..####.#.......l..#.#.#.##
..#.#...#..###....#.#####
#.......#....###...##
###..........#.....###
##.......##.##.......#
#.........#.......#''######## #≈
##..........#.....#.........##≈ ≈
##......#...##....#..).....##≈≈≈#


You could see a wyvern.

Vanquished Creatures
  Prince Ribbit (D:6)
  3 yaks
  Menkaure (D:6)
  2 water moccasins
  An orc warrior (D:6)
  An ice beast (D:3)
  4 sky beasts
  A black bear (D:4)
  Duvessa (D:5)
  2 kobold brigands
  2 gnoll sergeants (D:6)
  5 scorpions
  5 wights
  Dowan (D:5)
  A howler monkey (D:4)
  A jelly (D:6)
  2 orc priests
  4 hounds
  3 iguanas
  An orc wizard (D:6)
  6 gnolls
  5 adders
  A shadow imp (D:6)
  A white imp (D:5)
  3 ufetubi
  4 dart slugs
  14 orcs
  7 bats
  7 endoplasms
  5 giant cockroaches
  4 goblins
  6 hobgoblins
  4 quokkas
  9 ball pythons
  4 frilled lizards
  13 kobolds
  5 rats
140 creatures vanquished.

Vanquished Creatures (others)
  A kobold brigand (D:6)
1 creature vanquished.

Grand Total: 141 creatures vanquished

Notes
Turn   | Place    | Note
-------+----------+-------------------------------------------
     0 | Abyss:1  | Gargoyl the Gargoyle Abyssal Knight began the quest for the
                  | Orb.
     0 | Abyss:1  | Reached XP level 1. HP: 14/14 MP: 2/2
     0 | D:1      | Escaped the Abyss
   272 | D:1      | Found a faded altar of an unknown god.
   365 | D:1      | Reached XP level 2. HP: 14/19 MP: 3/3
   370 | D:1      | Reached skill level 2 in Axes
   485 | D:1      | Reached ** piety under Lugonu
   524 | D:1      | Reached XP level 3. HP: 16/24 MP: 4/4
  1322 | D:2      | Reached skill level 1 in Dodging
  1397 | D:2      | Identified the +4 ring mail of a wizard's laboratory
                  | {Will+}
  1627 | D:2      | Reached XP level 4. HP: 20/29 MP: 5/5
  2418 | D:3      | Noticed an ice beast
  2453 | D:3      | Killed an ice beast
  2454 | D:3      | Reached skill level 3 in Axes
  2454 | D:3      | Reached XP level 5. HP: 9/34 MP: 5/7
  2912 | D:3      | Reached XP level 6. HP: 33/39 MP: 8/8
  2914 | D:3      | Reached *** piety under Lugonu
  3104 | D:4      | Reached skill level 4 in Axes
  3229 | D:4      | Found a stormy altar of Qazlal.
  3414 | D:4      | Noticed a black bear
  3427 | D:4      | Killed a black bear
  3929 | D:4      | Reached XP level 7. HP: 44/44 MP: 9/9
  4004 | D:4      | Found an iron altar of Okawaru.
  4441 | D:5      | Entered Level 5 of the Dungeon
  4565 | D:5      | Found the +1 Delatra's gloves {ID++}
  4731 | D:5      | Reached skill level 5 in Fighting
  4731 | D:5      | Reached skill level 5 in Axes
  4731 | D:5      | Reached skill level 1 in Shields
  4772 | D:5      | Noticed Duvessa
  4773 | D:5      | Noticed Dowan
  4800 | D:5      | Killed Duvessa
  4801 | D:5      | Reached skill level 1 in Stealth
  4801 | D:5      | Reached XP level 8. HP: 48/49 MP: 11/11
  4802 | D:5      | Killed Dowan
  4917 | D:5      | Found a sacrificial altar of Ru.
  5460 | D:6      | Noticed Menkaure
  5469 | D:6      | Killed Menkaure
  5635 | D:6      | Noticed Prince Ribbit
  5671 | D:6      | Killed Prince Ribbit
  5672 | D:6      | Reached skill level 5 in Invocations
  5804 | D:6      | Reached skill level 6 in Axes
  5927 | D:6      | Noticed a yak
  5927 | D:6      | Noticed a yak
  5958 | D:6      | Noticed a yak
  5989 | D:5      | Killed a yak
  5990 | D:5      | Reached skill level 1 in Throwing
  5990 | D:5      | Reached XP level 9. HP: 55/55 MP: 13/13
  6021 | D:5      | Reached skill level 5 in Armour
  6223 | D:6      | Found a staircase to the Ecumenical Temple.
  7061 | D:6      | Reached **** piety under Lugonu
  7340 | D:6      | Reached skill level 7 in Axes
  7785 | D:6      | HP: 2/56 [wyvern (10)]
  7786 | D:6      | Slain by a wyvern

Illustrated notes

Levels and vault maps discovered:
D:1:      tarquinn_simple_flora_water_f, layout_loops_ring,
          shapermc_ecumenical_altar_mp_highgroup, minmay_cut_off
D:2:      layout_loops_ring
D:3:      layout_basic
D:4:      layout_basic, mainiacjoe_overflow_cross_hatched, lemuel_crystal_altar,
          minmay_small_thing
D:5:      layout_rooms, lemuel_round_altar, kennysheep_small_square,
          uniq_duvessa
D:6:      layout_cave_pools, minmay_temple_entry_arrows,
          kennysheep_opposing_triangles, uniq_menkaure, uniq_prince_ribbit1
D:7:      layout_loops_cross, st_stairs_10

Skill      XL: |  1  2  3  4  5  6  7  8  9 |
---------------+----------------------------+-----
Axes           | 2 3 4 5 6 7 |  7.0
Fighting       | 4 5 6 |  6.3
Dodging        | 1 2 3 |  3.8
Armour         | 3 4 5 |  5.5
Invocations    | 3 4 5 6 |  6.6
Shields        | 1 2 3 |  3.6
Stealth        | 1 |  1.3
Throwing       | 1 |  1.7

Action                   |  1- 3 |  4- 6 |  7- 9 || total
-------------------------+-------+-------+-------++-------
Melee: Hand axe          |    90 |   140 |   431 ||   661
       Punch             |     1 |       |     7 ||     8
Throw: Dart              |       |       |    17 ||    17
Invok: Depart the Abyss  |     1 |       |       ||     1
       Bend Space        |       |       |     1 ||     1
  Use: Scroll            |     5 |     4 |     5 ||    14
       Potion            |       |     3 |     4 ||     7
 Stab: Distracted        |       |       |     1 ||     1
Armor: Leather armour    |     7 |       |       ||     7
       Ring mail         |    47 |   100 |   202 ||   349
       Skin              |       |       |    21 ||    21
Dodge: Dodged            |    69 |   100 |   274 ||   443
Block: Other             |       |     7 |    88 ||    95
       Reflection        |       |       |     3 ||     3
       Kite shield       |       |       |    75 ||    75

Table legend: (Time is in decaauts)
 A = Elapsed time spent in this place.
 B = Non-inter-level travel time spent in this place.
 C = Inter-level travel time spent in this place.
 D = Time resting spent in this place.
 E = Time spent auto-exploring this place.
 F = Levels seen in this place.
 G = Mean time per level.
                   A        B        C        D        E       F      G
               +--------+--------+--------+--------+--------+-----+--------+
         Total |   7823 |   7627 |    196 |    448 |   5605 |   8 |  977.9 |
       Dungeon |   7823 |   7627 |    196 |    448 |   5605 |   7 | 1117.6 |
         Abyss |      0 |      0 |      0 |      0 |      0 |   1 |    0.0 |
               +--------+--------+--------+--------+--------+-----+--------+

Top non-repeatable levels by time:
     D:6: 1801 daAuts
     D:5: 1536 daAuts
     D:4: 1355 daAuts
     D:1: 1299 daAuts
     D:2: 947 daAuts
     D:3: 856 daAuts
     D:7: 27 daAuts
